 Dungeon Crawl Stone Soup version 0.31.0-32-g396128a36d (webtiles) character file.

Game seed: 2738288470178974668

335 BerneyBell the Ruffian (level 6, 43/43 HPs)
             Began as a Demonspawn Shapeshifter on Feb 1, 2024.
             Quit the game on level 4 of the Dungeon on Apr 10, 2024.
             The game lasted 00:14:15 (3010 turns).

BerneyBell the Ruffian (Demonspawn Shapeshifter)    Turns: 3010, Time: 00:14:16

Health: 43/43      AC:  5    Str: 22    XL:     6   Next: 28%
Magic:  6/6        EV: 11    Int: 11    God:
Gold:   95         SH:  0    Dex: 12    Spells: 5/5 levels left

rFire   . .          .
                       - Unarmed
rCold   . . .        (no shield)
rNeg    . . .        j - +0 ring mail
rPois   .            (helmet currently unavailable)
rElec   .            (cloak currently unavailable)
rCorr   .            (gloves currently unavailable)
SInv    .            (boots currently unavailable)
Will    .....        o - amulet of magic regeneration
Stlth   +            p - +6 ring of strength
HPRegen 0.27/turn    (no ring)
MPRegen 0.50/turn

%: no passive effects
@: beast-form
A: beast (slay +1), demonic magic 1, weakness stinger 1
a: Begin Untransformation


You were on level 4 of the Dungeon.
You were a hulking beast.
You visited 1 branch of the dungeon, and saw 4 of its levels.

You collected 95 gold pieces.

Inventory:

Armour
 a - a +1 animal skin
 j - a +0 ring mail (worn)
Jewellery
 o - an amulet of magic regeneration (around neck)
 p - a +6 ring of strength (left hand)
Talismans
 c - a beast talisman
 d - a flux talisman
 k - a blade talisman
Wands
 q - a wand of roots (4)
Scrolls
 l - a scroll of blinking {unknown}
 m - a scroll of acquirement {unknown}
 n - a scroll of enchant weapon {unknown}
Potions
 b - a potion of heal wounds
 e - 2 potions of berserk rage
 f - 2 potions of might
 g - a potion of degeneration {unknown}
 h - 3 potions of brilliance
 i - a potion of curing {unknown}


   Skills:
 - Level 1.0 Fighting
 - Level 1.7 Dodging
 + Level 6.5 Unarmed Combat
 - Level 2.6 Shapeshifting


You had 5 spell levels left.
You didn't know any spells.
Your spell library was empty.

Dungeon Overview and Level Annotations

Branches:
Dungeon (4/15)
 Temple: D:4-7

Altars:
Cheibriados
Fedhas
Xom
Yredelemnul


Innate Abilities, Weirdness & Mutations

You are a hulking beast.
Your limbs bulge with bestial killing power. (Slay +1)
Spells you cast may paralyse adjacent enemies.
You have a small tail.


Message History

You have reached level 6!
Your demonic ancestry asserts itself...
A menacing aura infuses your magic.
You start resting.
HP restored.
A bat comes into view.
You barely miss the bat. The bat barely misses you. The bat barely misses you.
You punch the bat!
You kill the bat!
Jessica the Apprentice Sorceress comes into view.
She is wielding a +0 dagger.
Jessica is nearby!
Jessica shouts!
Jessica shouts, "You're disturbing me!
I'll have to kill you!"
You barely miss Jessica. Your punch misses Jessica.
Jessica hits you with a +0 dagger.
You punch Jessica!
Jessica is severely wounded.
Jessica hits you with a +0 dagger.
You barely miss Jessica.
Jessica is severely wounded.
Jessica closely misses you.
You hit Jessica but do no damage.
Jessica is severely wounded.
Jessica mumbles something strange.
Jessica casts a spell at you. Pain shoots through your body!
You punch Jessica!
You kill Jessica!
Things that are here:
a +0 dagger; a +0 robe Done exploring.
Done exploring.
There is a stone staircase leading down here.
You climb downwards.
Found a stone staircase leading up.
There is a stone staircase leading up here.
Welcome back, BerneyBell the Demonspawn Shapeshifter.
Press ? for a list of commands and other information.
Are you sure you want to abandon this character and quit the game? (Confirm with "yes".)

#
#########..
#..........
#....<.....
#..h.......
#..........
#..........
########...
##


There were no monsters in sight!

Vanquished Creatures
  Grinder (D:3)
  A bombardier beetle (D:3)
  Jessica (D:3)
  Natasha (D:2)
  2 ribbon worms (D:2)
  11 endoplasms
  2 giant cockroaches
  4 goblins
  5 hobgoblins
  2 jackals (D:3)
  5 kobolds
  2 quokkas
  2 ball pythons
  6 bats
  4 frilled lizards
  4 rats
53 creatures vanquished.

Notes
Turn   | Place    | Note
-------+----------+-------------------------------------------
     0 | D:1      | BerneyBell the Demonspawn Shapeshifter began the quest for
                  | the Orb.
     0 | D:1      | Reached XP level 1. HP: 15/15 MP: 1/1
   136 | D:1      | Reached skill level 3 in Unarmed Combat
   177 | D:1      | Gained mutation: You have a small tail. [demonic ancestry]
   177 | D:1      | Reached XP level 2. HP: 8/21 MP: 2/2
  1388 | D:2      | Reached XP level 3. HP: 19/26 MP: 3/3
  1555 | D:2      | Reached skill level 4 in Unarmed Combat
  1918 | D:2      | Noticed Natasha
  1927 | D:2      | Killed Natasha
  1928 | D:2      | Reached XP level 4. HP: 17/32 MP: 4/4
  2441 | D:3      | Found a blossoming altar of Fedhas.
  2441 | D:3      | Found a basalt altar of Yredelemnul.
  2442 | D:3      | Found a snail-covered altar of Cheibriados.
  2477 | D:3      | Found a shimmering altar of Xom.
  2698 | D:3      | Noticed Grinder
  2779 | D:3      | Reached skill level 5 in Unarmed Combat
  2841 | D:3      | Paralysed by Grinder for 3 turns
  2852 | D:3      | Killed Grinder
  2853 | D:3      | Reached skill level 6 in Unarmed Combat
  2853 | D:3      | Reached XP level 5. HP: 20/37 MP: 5/5
  2853 | D:3      | Gained mutation: Spells you cast may paralyse adjacent
                  | enemies. [demonic ancestry]
  2853 | D:3      | Reached XP level 6. HP: 24/43 MP: 6/6
  2957 | D:3      | Noticed Jessica
  2965 | D:3      | Killed Jessica
  3010 | D:4      | Upgraded the game from 0.31.0-11-ge490571c62 to
                  | 0.31.0-32-g396128a36d
  3010 | D:4      | Quit the game

Illustrated notes

Levels and vault maps discovered:
D:1:      zelgadis_glass_arrival_small, layout_loops_ring, serial_forest,
          infiniplex_forest_end_2, infiniplex_forest_lined_3,
          infiniplex_forest_lined_ring, infiniplex_forest_split,
          infiniplex_forest_join, infiniplex_forest_lined_2,
          infiniplex_forest_clump_tiny, infiniplex_forest_end_1
D:2:      wad_lake_hut, layout_basic, uniq_natasha
D:3:      layout_rooms, nicolae_overflow_quartered_altars, uniq_jessica,
          uniq_grinder
D:4:      layout_loops_cross, mainiacjoe_overflow_boulevard, marbit_many_paths,
          minmay_temple_entry_butterflies, chequers_serial_rivers_small_3

Skill      XL: |  1  2  3  4 |
---------------+-------------+-----
Unarmed Combat | 3 4 6 |  6.5
Fighting       | |  1.0
Dodging        | |  1.7
Shapeshifting  | |  2.6

Action                     |  1- 3 |  4- 6 || total
---------------------------+-------+-------++-------
  Melee: Unarmed           |    92 |    54 ||   146
         Tailslap          |    13 |     6 ||    19
         Punch             |     3 |     3 ||     6
  Evoke: Wand              |       |     2 ||     2
    Use: Potion            |     1 |       ||     1
         Scroll            |     3 |     2 ||     5
   Stab: Sleeping          |     1 |       ||     1
 Armour: Animal skin       |    16 |       ||    16
         Skin              |     5 |       ||     5
         Ring mail         |    20 |    22 ||    42
  Dodge: Dodged            |    34 |    25 ||    59
